 Dungeon Crawl Stone Soup version 0.17.0-18-gaab0e96 (webtiles) character file.

13887 septik the Covert (level 11, -1/57 (59) HPs)
             Began as a Spriggan Enchanter on Nov 11, 2015.
             Was a High Priest of Nemelex Xobeh.
             Hit by a large rock thrown by a cyclops (10 damage)
             ... on level 13 of the Dungeon.
             The game lasted 01:00:13 (13405 turns).

septik the Covert (Spriggan Enchanter)             Turns: 13405, Time: 01:00:13

HP:   -1/57 (59)    AC:  5    Str:  4    XL:     11   Next: 81%
MP:   5/21          EV: 25    Int: 18    God:    Nemelex Xobeh [*****.]
Gold: 694           SH:  8    Dex: 21    Spells: 3 memorised, 16 levels left

rFire  . . .     SeeInvis +     B - +3 short sword (elec)
rCold  . . .     Clarity  .     b - +1 robe
rNeg   . . .     SustAt   .     K - +2 buckler
rPois  +         Gourm    .     v - +1 hat
rElec  .         Spirit   .     N - +0 cloak
rCorr  .         Warding  .     (gloves unavailable)
rMut   .         Stasis   .     (boots unavailable)
MR     +....                    U - amulet of regeneration
Stlth  +++++++...               R - ring of poison resistance
                                F - +2 ring of dexterity (curse)

@: very quick, somewhat resistant to hostile enchantments, extremely stealthy
A: unfitting armour, see invisible, herbivore 3, speed 3, slow metabolism 2
a: Triple Draw, Deal Four, Stack Five, Renounce Religion


You were on level 13 of the Dungeon.
You worshipped Nemelex Xobeh.
Nemelex Xobeh was extremely pleased with you.
You were hungry.

You visited 1 branch of the dungeon, and saw 13 of its levels.

You collected 739 gold pieces.
You spent 45 gold pieces at shops.

Inventory:

Hand Weapons
 B - a +3 short sword of electrocution (weapon)
Missiles
 s - 346 stones (quivered)
Armour
 b - a +1 robe (worn)
 v - a +1 hat (worn)
 K - a +2 buckler (worn)
 N - a +0 cloak (worn)
Jewellery
 F - a cursed +2 ring of dexterity (left hand)
 R - a ring of poison resistance (right hand)
 U - an amulet of regeneration (around neck)
Wands
 i - a wand of lightning (12)
 p - a wand of confusion (17)
Scrolls
 e - 7 scrolls of identify
 h - 2 scrolls of immolation
 k - a scroll of remove curse
 l - 5 scrolls of enchant weapon
 n - 3 scrolls of amnesia
 t - 2 scrolls of recharging
 w - 3 scrolls of fog
 y - 3 scrolls of teleportation
 Z - 2 scrolls of magic mapping
Potions
 f - 2 potions of lignification
 g - a potion of might {unknown}
 u - 3 potions of curing
 x - 3 potions of heal wounds
 A - 2 potions of brilliance {unknown}
 G - a potion of magic
 H - 3 potions of flight
 L - a potion of haste
 M - a potion of agility
 O - 2 potions of cancellation
 S - 2 potions of degeneration {unknown}
 V - a potion of berserk rage {unknown}
Books
 c - a book of Maledictions

   Spells                             Type                      Level
   a - Corona                         Hexes                        1
   b - Ensorcelled Hibernation        Hexes/Ice                    2
   c - Confuse                        Hexes                        3
   d - Tukima's Dance                 Hexes                        3
   e - Dazzling Spray                 Conjuration/Hexes            3
 C - a Fen Folio

   Spells                             Type                      Level
   a - Corpse Rot                     Necromancy                   2
   b - Stone Arrow                    Conjuration/Earth            3
   c - Leda's Liquefaction            Hexes/Earth                  4
   d - Summon Forest                  Summoning/Translocation      5
   e - Hydra Form                     Transmutation                6
   f - Summon Hydra                   Summoning                    7
 J - a book of Party Tricks

   Spells                             Type                      Level
   a - Summon Butterflies             Summoning                    1
   b - Apportation                    Translocation                1
   c - Tukima's Dance                 Hexes                        3
   d - Alistair's Intoxication        Transmutation/Poison         4
   e - Invisibility                   Hexes                        6
 P - a book of Clouds

   Spells                             Type                      Level
   a - Mephitic Cloud                 Conjuration/Poison/Air       3
   b - Conjure Flame                  Conjuration/Fire             3
   c - Poisonous Cloud                Conjuration/Poison/Air       6
   d - Freezing Cloud                 Conjuration/Ice/Air          6
   e - Ring of Flames                 Charms/Fire                  7
 W - an Akashic Record

   Spells                             Type                      Level
   a - Dispersal                      Translocation                6
   b - Malign Gateway                 Summoning/Translocation      7
   c - Disjunction                    Translocation                8
   d - Controlled Blink               Translocation                8
Miscellaneous
 a - a legendary deck of war
 j - an ornate deck of escape
 r - a plain deck of destruction {drawn: 9}
 z - a phial of floods (inert)
 D - a legendary deck of war
 E - a legendary deck of changes {Focus}
 I - a legendary deck of destruction {drawn: 4}
 Q - a plain deck of war {drawn: 2}
 T - a sack of spiders
 X - a legendary deck of war
 Y - a stone of tremors
Comestibles
 d - 6 bread rations
 m - a royal jelly
 o - 3 slices of pizza
 q - 8 fruits


   Skills:
 - Level 7.7 Fighting
 - Level 8.0 Short Blades
 * Level 8.5 Dodging
 * Level 13.1 Stealth
 - Level 6.0 Spellcasting
 - Level 11.0 Hexes
 + Level 8.0 Evocations


You had 16 spell levels left.
You knew the following spells:

 Your Spells              Type           Power        Failure   Level  Hunger
a - Corona                Hex            #####..      1%          1    None
b - Ensorcelled Hibernat  Hex/Ice        ####..       3%          2    None
c - Confuse               Hex            #####...     1%          3    ##.....


Dungeon Overview and Level Annotations

Branches:
Dungeon (13/15)            Temple (0/1) D:4            Lair (0/8) D:8
    Orc (0/4) D:10
 Vaults: D:13-14

Altars:
Makhleb
Nemelex Xobeh
Zin

Shops:
D:4 [   D:5 [

Annotations:
D:12 exclusion: 3 electric eels


Innate Abilities, Weirdness & Mutations

You are tiny and cannot use many weapons and most armour.
You have supernaturally acute eyesight.
You are a herbivore.
You cover ground extremely quickly.
You need consume almost no food.


Message History

Confirm with . or Enter, or press ? or * to list all spells.
Aiming: Ensorcelled Hibernation
Press: ? - help, Shift-Dir - straight line, f/p - catoblepas
Aim: a catoblepas (chance to defeat MR: 3%)
The catoblepas resists with almost no effort.
Casting: Ensorcelled Hibernation
Confirm with . or Enter, or press ? or * to list all spells.
Aiming: Ensorcelled Hibernation
Press: ? - help, Shift-Dir - straight line, f/p - catoblepas
Aim: a catoblepas (chance to defeat MR: 3%)
The catoblepas resists with almost no effort.
The cyclops shouts!
You hear a shout!
You hit the cyclops.
There is a sudden explosion of sparks!
The cyclops is moderately wounded.
The cyclops hits you!!
Ouch! That really hurt!
* * * LOW HITPOINT WARNING * * *
The cyclops throws a large rock.
The large rock hits you!
You die...
Your body glows with a rainbow of weird colours and disappears.

############### #####
#....Y.....§..######## .)...
#####^..########..§.#.....
.....###Y§.§...#C.....#.##§#.....
.....Y...###§§§#....Y.#.##.'.....
..K..##### #...#.####.#Y####.....
..... ###.#@# #.#.# #..... .K...
#.#.# #.Y.# ######


KK... #.#.# #...# # .#### #.#.# #...# # . .#.. #.#.# # ### #.#.# # ....# #
.....# # ... ## # You could see a cyclops.

Vanquished Creatures
  2 hill giants
  A cyclops (D:11)
  A mana viper (D:11)
  2 ugly things (D:12)
  A centaur zombie (D:12)
  A troll (D:11)
  A two-headed ogre (D:9)
  Sigmund (D:4)
  A trapdoor spider zombie (D:10)
  A deep elf mage (D:13)
  A wraith (D:12)
  A hippogriff (D:11)
  13 yaks
  Menkaure (D:3)
  3 hungry ghosts
  7 vampire mosquitoes
  A soldier ant (D:12)
  4 water moccasins
  Duvessa (D:4)
  A black bear (D:9)
  3 orc warriors
  3 ice beasts
  2 sky beasts
  3 necrophages
  3 phantoms
  7 ogres
  5 centaurs
  A wasp (D:12)
  A crocodile (D:11)
  10 giant frogs
  3 big kobolds
  Dowan (D:4)
  13 killer bees
  3 scorpions
  8 crimson imps
  4 jellies
  A giant frog zombie (D:9)
  A hound (D:9)
  2 quasits
  2 orc priests
  13 orc wizards
  3 centaur skeletons
  3 giant frog skeletons
  4 iguanas
  6 worker ants
  A sheep (D:9)
  A killer bee zombie (D:8)
  3 hound skeletons
  4 gnolls
  A river rat (D:9)
  A worker ant zombie (D:9)
  13 adders
  A giant eyeball (D:3)
  2 adder skeletons
  2 worms
  5 giant geckos
  34 orcs
  4 bats
  3 giant cockroaches
  6 goblins
  8 hobgoblins
  10 jackals
  17 kobolds
  5 quokkas
  A ball python (D:1)
  A giant gecko skeleton (D:4)
  5 giant newts
  3 jackal skeletons
  A jackal zombie (D:5)
  2 quokka zombies
  6 rats
290 creatures vanquished.

Vanquished Creatures (collateral kills)
  5 centaurs (D:12)
  A killer bee (D:7)
6 creatures vanquished.

Grand Total: 296 creatures vanquished

Notes
Turn   | Place    | Note
--------------------------------------------------------------
     0 | D:1      | septik the Spriggan Enchanter began the quest for the Orb.
     0 | D:1      | Reached XP level 1. HP: 9/9 MP: 5/5
   124 | D:1      | Reached XP level 2. HP: 11/13 MP: 6/6
   276 | D:1      | Found a sparkling altar of Nemelex Xobeh.
   323 | D:1      | Became a worshipper of Nemelex Xobeh the Trickster
   345 | D:1      | Received a gift from Nemelex Xobeh
  1036 | D:2      | Received a gift from Nemelex Xobeh
  1056 | D:2      | Reached XP level 3. HP: 16/16 MP: 8/8
  1067 | D:2      | Learned a level 2 spell: Ensorcelled Hibernation
  1071 | D:2      | Learned a level 3 spell: Confuse
  1119 | D:2      | Reached skill level 5 in Hexes
  1307 | D:2      | Reached * piety under Nemelex Xobeh
  1327 | D:2      | Reached XP level 4. HP: 17/21 MP: 0/9
  1355 | D:2      | Found a faded altar to an unknown god.
  2028 | D:3      | Paralysed by a giant eyeball for 3 turns
  2036 | D:3      | Paralysed by a giant eyeball for 3 turns
  2065 | D:3      | Reached XP level 5. HP: 5/24 MP: 2/10
  2957 | D:4      | Noticed Menkaure
  2983 | D:4      | Noticed Sigmund
  3321 | D:3      | Killed Menkaure
  3321 | D:3      | Reached skill level 6 in Hexes
  3321 | D:3      | Reached XP level 6. HP: 21/28 MP: 2/11
  3548 | D:3      | Reached skill level 5 in Short Blades
  3704 | D:4      | Noticed an ogre
  3706 | D:4      | Killed Sigmund
  3706 | D:4      | Reached skill level 7 in Hexes
  3730 | D:4      | Killed an ogre
  3730 | D:4      | Reached XP level 7. HP: 26/32 MP: 3/12
  3840 | D:4      | Noticed a phantom
  3864 | D:4      | Killed a phantom
  3864 | D:4      | Reached skill level 8 in Hexes
  3898 | D:4      | Reached ** piety under Nemelex Xobeh
  3918 | D:4      | Found Bacruobb's Armour Emporium.
  3960 | D:4      | Noticed Duvessa
  3961 | D:4      | Noticed Dowan
  4074 | D:4      | Killed Duvessa
  4074 | D:4      | Reached skill level 5 in Stealth
  4147 | D:4      | Killed Dowan
  4229 | D:4      | Received a gift from Nemelex Xobeh
  4508 | D:4      | Found a staircase to the Ecumenical Temple.
  4674 | D:5      | Entered Level 5 of the Dungeon
  4728 | D:5      | Reached XP level 8. HP: 34/36 MP: 12/15
  4891 | D:5      | Reached skill level 5 in Spellcasting
  5202 | D:5      | Found Aheot's Armour Shoppe.
  5216 | D:5      | Bought a +0 cloak for 45 gold pieces
  5729 | D:6      | Reached skill level 9 in Stealth
  5854 | D:6      | Reached skill level 1 in Fighting
  5899 | D:6      | Reached skill level 5 in Dodging
  6205 | D:6      | Reached XP level 9. HP: 41/43 MP: 4/17
  6449 | D:6      | Reached *** piety under Nemelex Xobeh
  6593 | D:6      | Received a gift from Nemelex Xobeh
  7335 | D:7      | Received a gift from Nemelex Xobeh
  7791 | D:8      | Found a staircase to the Lair.
  7792 | D:8      | Noticed a komodo dragon
  7817 | D:8      | Reached skill level 10 in Stealth
  7910 | D:8      | Received a gift from Nemelex Xobeh
  7957 | D:8      | Reached **** piety under Nemelex Xobeh
  8113 | D:8      | Found a burning altar of Makhleb.
  8120 | D:8      | Reached skill level 11 in Stealth
  8466 | D:9      | Found a glowing silver altar of Zin.
  8473 | D:9      | Reached XP level 10. HP: 21/48 MP: 5/18
  8546 | D:9      | Received a gift from Nemelex Xobeh
  8792 | D:9      | Reached skill level 12 in Stealth
  8962 | D:9      | Reached skill level 13 in Stealth
  9199 | D:9      | Reached skill level 5 in Fighting
  9323 | D:9      | Received a gift from Nemelex Xobeh
  9829 | D:10     | Entered Level 10 of the Dungeon
 10054 | D:10     | Received a gift from Nemelex Xobeh
 10404 | D:10     | Reached ***** piety under Nemelex Xobeh
 10450 | D:10     | Found a staircase to the Orcish Mines.
 10657 | D:11     | Noticed a cyclops
 10663 | D:11     | Killed a cyclops
 10804 | D:11     | Noticed a hill giant
 10839 | D:11     | Killed a hill giant
 10839 | D:11     | Reached XP level 11. HP: 55/57 MP: 0/21
 10983 | D:11     | Reached skill level 1 in Evocations
 11120 | D:11     | Noticed a cyclops
 11129 | D:11     | a cyclops changed into a mana viper
 11452 | D:11     | Received a gift from Nemelex Xobeh
 11452 | D:11     | Received a gift from Nemelex Xobeh
 11832 | D:12     | Reached skill level 5 in Evocations
 12277 | D:12     | Reached skill level 10 in Hexes
 12995 | D:12     | Noticed a hill giant
 13000 | D:12     | Killed a hill giant
 13108 | D:13     | Identified a scroll of acquirement
 13222 | D:13     | Noticed a catoblepas
 13405 | D:13     | Hit by a large rock thrown by a cyclops

Action                   |  1- 3 |  4- 6 |  7- 9 | 10-12 || total
-------------------------+-------+-------+-------+-------++-------
Melee: Dagger            |   122 |   127 |    33 |       ||   282
       Short sword       |       |       |   240 |   340 ||   580
 Cast: Ensorcelled Hiber |    11 |    31 |    64 |   117 ||   223
       Confuse           |       |     8 |    10 |     8 ||    26
Invok: Deal Four         |       |       |     1 |     1 ||     2
Evoke: Deck              |     1 |     2 |     3 |    10 ||    16
       Phial of floods   |       |       |       |     1 ||     1
  Use: Scroll            |       |       |    23 |     7 ||    30
 Stab: Sleeping          |    13 |    25 |    46 |    51 ||   135
       Distracted        |     1 |       |       |     2 ||     3
       Confused          |       |     2 |     6 |     3 ||    11
  Eat: Bread ration      |       |     1 |     1 |     1 ||     3
       Fruit             |       |       |       |     1 ||     1
